 Dungeon Crawl Stone Soup version 0.18.1-5-g4a78601 (console) character file.

918 Kloppie the Skirmisher (level 7, -7/61 HPs)
             Began as a Demigod Fighter on May 11, 2016.
             Mangled by an ogre
             ... wielding a +0 giant spiked club
              (25 damage)
             ... on level 4 of the Dungeon.
             The game lasted 00:10:33 (4292 turns).

Kloppie the Skirmisher (Demigod Fighter)            Turns: 4292, Time: 00:10:34

Health: -7/61      AC:  7    Str: 19    XL:     7   Next: 53%
Magic:  9/9        EV:  7    Int: 14    God:
Gold:   118        SH:  9    Dex: 19    Spells: 0 memorised, 6 levels left

rFire  . . .     SeeInvis .     a - +1 long sword
rCold  . . .     Gourm    .     b - +0 scale mail
rNeg   . . .     Faith    .     c - +0 shield
rPois  .         Spirit   .     (no helmet)
rElec  .         Dismiss  .     (no cloak)
rCorr  .         Reflect  .     (no gloves)
SustAt +         Harm     .     (no boots)
MR     .....                    (no amulet)
Stlth  ..........               (no ring)
                                d - +2 ring of intelligence

@: lethally poisoned (-7 -> -8), not resistant to hostile enchantments,
extremely unstealthy
A: high mp 1, sustain attributes
a: no special abilities


You were on level 4 of the Dungeon.
You were not hungry.

You visited 1 branch of the dungeon, and saw 4 of its levels.
You also visited: Ossuary.

You collected 209 gold pieces.
You spent 91 gold pieces at shops.

Inventory:

Hand Weapons
 a - a +1 long sword (weapon)
 p - a +0 flail
Armour
 b - a +0 scale mail (worn)
 c - a +0 shield (worn)
 s - a +0 plate armour
Jewellery
 d - a +2 ring of intelligence (left hand)
Scrolls
 e - a scroll of identify
 h - a scroll of recharging
 i - a scroll of summoning
 j - a scroll of remove curse
 m - a scroll of blinking {unknown}
 r - 3 scrolls of fog
 u - a scroll of enchant armour {unknown}
Potions
 k - a potion of haste
 l - 2 potions of agility
 n - a potion of flight {unknown}
 q - a potion of mutation
Comestibles
 f - a bread ration
 g - a royal jelly
 o - 13 chunks of flesh
 t - 3 fruits
 v - 3 meat rations


   Skills:
 + Level 5.4 Fighting
 + Level 5.0 Long Blades
 + Level 5.3 Armour
 - Level 2.6 Shields


You had 6 spell levels left.
You didn't know any spells.

Dungeon Overview and Level Annotations

Branches:
Dungeon (4/15)
 Temple: D:4-7

Shops:
D:4 =


Innate Abilities, Weirdness & Mutations

You have an increased reservoir of magic (+10% MP).
Your attributes are resistant to harm.


Message History

Your shield prevents you from hitting the worker ant.
The worker ant is severely wounded.
You feel sick. The worker ant bites you.
You closely miss the worker ant.
The worker ant is severely wounded.
The worker ant barely misses you. The worker ant bites you.
You hit the worker ant.
The worker ant is severely wounded.
You feel sick. The worker ant barely misses you.
You hit the worker ant.
You kill the worker ant!
You hit the ogre.
The ogre is moderately wounded.
The ogre hits you with a giant spiked club!!
* * * LOW HITPOINT WARNING * * *
You slash the ogre!
The ogre is severely wounded.
You feel sick.
The ogre hits you with a giant spiked club!!
You die...

#,#,**.# #......<
#.#.**.* ########
##.#.##.*
#...,...* ####
#.##.#.#* #...
#.##.#.########.##
#.##...........∩..
#O####.########.##
#@####.# #.##
#......# #...
######## ####


You could see an ogre.

Vanquished Creatures
  2 ogres
  3 elf zombies (Ossuary)
  A scorpion (D:4)
  A howler monkey (D:4)
  A centaur zombie (Ossuary)
  A centaur skeleton (D:4)
  A hound (D:4)
  2 human zombies (Ossuary)
  Ijyb (D:3)
  An orc wizard (D:4)
  A worker ant (D:4)
  3 big kobold zombies (Ossuary)
  3 mummies
  3 adders
  An ooze (D:3)
  A worm (D:3)
  2 dart slugs (D:1)
  3 giant geckos
  4 orcs
  5 bats
  4 giant cockroaches
  13 goblins
  7 hobgoblins
  3 jackals (D:3)
  11 kobolds
  4 quokkas
  4 giant newts
  A goblin zombie (Ossuary)
  10 hobgoblin zombies (Ossuary)
  13 kobold zombies
  6 orc zombies
  2 rats
118 creatures vanquished.

Notes
Turn   | Place    | Note
--------------------------------------------------------------
     0 | D:1      | Kloppie the Demigod Fighter began the quest for the Orb.
     0 | D:1      | Reached XP level 1. HP: 18/18 MP: 3/3
   246 | D:1      | Reached XP level 2. HP: 20/25 MP: 4/4
   787 | D:2      | Reached XP level 3. HP: 31/31 MP: 5/5
  1469 | D:3      | Noticed an ogre
  1547 | D:3      | Killed an ogre
  1547 | D:3      | Reached XP level 4. HP: 28/40 MP: 6/6
  1795 | D:3      | Reached XP level 5. HP: 43/46 MP: 7/7
  2144 | D:3      | Found an oddly glowing altar of Pakellas.
  2637 | D:3      | Noticed Ijyb
  2657 | D:3      | Killed Ijyb
  2849 | D:4      | Found a sand-covered staircase.
  2877 | Ossuary  | Entered an ossuary
  3048 | Ossuary  | Reached XP level 6. HP: 43/53 MP: 8/8
  3340 | Ossuary  | Reached skill level 5 in Fighting
  3340 | Ossuary  | Reached XP level 7. HP: 19/61 MP: 9/9
  3911 | D:4      | Reached skill level 5 in Armour
  4043 | D:4      | Got a crude leather armour
  4054 | D:4      | Identified the +1 leather armour "Apitzuan" {Stlth+} (You found it on level 4 of the Dungeon)
  4249 | D:4      | Found Wuamurche's Jewellery Boutique.
  4253 | D:4      | Bought a cursed amulet of inaccuracy for 28 gold pieces
  4253 | D:4      | Bought a cursed ring of loudness for 63 gold pieces
  4280 | D:4      | Reached skill level 5 in Long Blades
  4292 | D:4      | Mangled by an ogre

Skill      XL: |  1  2  3  4  5  6  7 |
---------------+----------------------+-----
Long Blades    | 2 3 4 5 |  5.0
Fighting       | 3 4 5 |  5.4
Armour         | 3 4 5 |  5.3
Shields        | |  2.6

Action                   |  1- 3 |  4- 6 |  7- 9 || total
-------------------------+-------+-------+-------++-------
Melee: Long sword        |   118 |   281 |    85 ||   484
  Use: Potion            |     1 |     5 |       ||     6
       Scroll            |       |     8 |     8 ||    16
  Eat: Chunk             |     1 |     6 |       ||     7
       Bread ration      |       |       |     1 ||     1
Armor: Scale mail        |    47 |   154 |    17 ||   218
Dodge: Dodged            |    35 |   118 |    15 ||   168
Block: Shield            |    58 |   183 |    31 ||   272
